 Dungeon Crawl Stone Soup version 0.30.0 (webtiles) character file.

Game seed: 1975594491052161719

49 Minorbread the Covered (level 3, -4/32 HPs)
             Began as a Naga Wanderer on June 2, 2023.
             Splashed by a jelly's acid (5 damage)
             ... on level 3 of the Dungeon.
             The game lasted 00:03:57 (1823 turns).

Minorbread the Covered (Naga Wanderer)              Turns: 1823, Time: 00:03:57

Health: -4/32      AC: -9    Str: 18    XL:     3   Next: 77%
Magic:  6/6        EV:  8    Int: 10    God:
Gold:   115        SH:  3    Dex: 10    Spells: 5/6 levels left

rFire   . . .        h - +0 spear
rCold   + . .        b - +0 buckler
rNeg    . . .        q - +0 robe
rPois   +            (no helmet)
rElec   .            (no cloak)
rCorr   .            (no gloves)
SInv    +            (no barding)
Will    .....        (no amulet)
Stlth   +            g - ring of protection from cold
HPRegen 0.25/turn    (no ring)
MPRegen 0.10/turn

%: no passive effects
@: short of breath, corroded, very slow
A: AC +1, large, see invisible, deformed body, poison resistance, slowness 2,
spit poison 1, naga tail 1
a: Spit Poison


You were on level 3 of the Dungeon.
You visited 1 branch of the dungeon, and saw 3 of its levels.

You collected 115 gold pieces.

Inventory:

Hand Weapons
 h - a +0 spear (weapon)
Armour
 b - a +0 buckler (worn)
 d - a +0 chain mail
 q - a +0 robe (worn)
Jewellery
 g - a ring of protection from cold (left hand)
Wands
 o - a wand of light (3)
Scrolls
 c - a scroll of blinking
 e - a scroll of identify {unknown}
 i - a scroll of poison {unknown}
 k - a scroll of fear {unknown}
 p - a scroll of vulnerability {unknown}
Potions
 a - 2 potions of heal wounds {unknown}
 f - a potion of cancellation {unknown}
 j - a potion of invisibility {unknown}
 l - a potion of mutation {unknown}
 m - a potion of attraction {unknown}
 n - a potion of curing {unknown}


   Skills:
 + Level 1.9 Fighting
 + Level 2.0 Polearms
 - Level 2.4 Armour
 - Level 1.0 Shields
 - Level 2.1 Spellcasting
 - Level 2.2 Necromancy
 - Level 1.0 Invocations
 - Level 1.0 Evocations


You had 5 spell levels left.
You knew the following spells:

 Your Spells              Type           Power      Damage    Failure   Level
a - Necrotise             Necr           20%        1d5       16%         1

Your spell library contained the following spells:

 Spells                   Type           Power      Damage    Failure   Level
 Magic Dart               Conj           4%         1d3       36%         1
 Sandblast                Erth           2%         2d4       36%         1
 Vampiric Draining        Necr           5%         2d6       43%         3
 Passwall                 Tmut/Erth      0%         N/A       52%         2
 Searing Ray              Conj           2%         2d4       52%         2
 Stone Arrow              Conj/Erth      2%         3d7       75%         3
 Fulminant Prism          Conj/Hex       0%         3d5       98%         4


Dungeon Overview and Level Annotations

Branches:
Dungeon (3/15)

Altars:
The Shining One

Annotations:
D:3 1 transporter


Innate Abilities, Weirdness & Mutations

Your serpentine skin is tough. (AC +1)
You have supernaturally acute eyesight. (SInv)
Armour fits poorly on your strangely shaped body.
Your system is resistant to poisons. (rPois)
You cover ground very slowly.
You can spit poison.
You have a snake-like lower body.


Message History

The quokka zombie bites you.
You closely miss the quokka zombie.
The quokka zombie is heavily damaged.
The quokka zombie barely misses you.
You completely miss the quokka zombie.
The quokka zombie is heavily damaged.
The quokka zombie barely misses you.
You hit the quokka zombie.
You destroy the quokka zombie!
Your Polearms skill increases to level 2!
No target in view!
You now have 98 gold pieces (gained 10).
You now have 111 gold pieces (gained 13).
You see here the +4 quarterstaff of Wisidien {heavy, Int+2 Stlth+}.
You now have 115 gold pieces (gained 4).
A jelly comes into view.
A jelly is nearby!
The jelly quivers.
The jelly hits you.
You are splashed with acid!
You see here a +0 leather armour.
You hit the jelly.
Your hands burn!
The jelly is lightly wounded.
The jelly barely misses you.
You puncture the jelly! The acid corrodes you!
Your hands burn!
The jelly is heavily wounded.
The jelly hits you. The acid corrodes you!
You are splashed with acid.
You are too injured to fight recklessly!
You are too injured to fight recklessly!
Aiming: Spit Poison (2% risk of failure)
Press: ? - help, Shift-Dir - straight line, f - jelly
Aim: a jelly (heavily wounded, 100% to hit)
The splash of poison hits the jelly.
The jelly completely resists.
The jelly is heavily wounded.
The jelly barely misses you.
You hit the jelly but do no damage.
Your hands burn!
The jelly is heavily wounded.
The jelly hits you. The acid corrodes you!
You are splashed with acid!
* * * LOW HITPOINT WARNING * * *
You hit the jelly but do no damage.
Your hands burn!
You die...

#.#........#.
#.....~......# .#
..#...~..#.#.# .#
#......~...#.# .#
.............#####.#
.#.................
#.............###.##
#>...........###J..#
#<####.......##.@.)#
#.# #.......##....#
#.# #........#.####
#.######.####.#.#
..............#.#
......).........#
############..#.#
#..#.# ......#..#.#


You could see a jelly.

Vanquished Creatures
  An adder (D:2)
  A dart slug (D:2)
  3 ball pythons
  An endoplasm (D:1)
  A giant cockroach (D:2)
  5 hobgoblins
  3 jackals (D:1)
  A quokka (D:1)
  A ball python zombie (D:3)
  2 bats (D:2)
  4 frilled lizards (D:2)
  5 goblins
  6 kobolds
  A quokka zombie (D:3)
  4 rats
39 creatures vanquished.

Vanquished Creatures (others)
  4 plants (D:1)
4 creatures vanquished.

Grand Total: 43 creatures vanquished

Notes
Turn   | Place    | Note
-------+----------+-------------------------------------------
     0 | D:1      | Minorbread the Naga Wanderer began the quest for the Orb.
     0 | D:1      | Minorbread set off with the following items: a +0 club, a
                  | +0 buckler, a scroll of blinking, a +0 chain mail; and the
                  | following spell memorised: Necrotise; and the following
                  | spells available to memorise: Vampiric Draining.
     0 | D:1      | Reached XP level 1. HP: 15/15 MP: 3/3
   228 | D:1      | Reached XP level 2. HP: 16/24 MP: 5/5
   311 | D:1      | Reached skill level 1 in Polearms
   369 | D:1      | Reached skill level 1 in Fighting
   954 | D:2      | Identified the +1 pair of boots "Bosm" {Dex+4}
  1040 | D:2      | Found a faded altar of an unknown god.
  1063 | D:2      | Reached XP level 3. HP: 28/31 MP: 6/6
  1301 | D:2      | Found a glowing golden altar of the Shining One.
  1802 | D:3      | Identified the +4 quarterstaff of Wisidien {heavy, Int+2
                  | Stlth+}
  1807 | D:3      | Found a transporter.
  1822 | D:3      | HP: 1/32 [acid (9)]
  1823 | D:3      | Splashed by a jelly's acid

Illustrated notes

Levels and vault maps discovered:
D:1:      giann_horns, layout_loops_ring, kennysheep_flooded_box,
          chequers_big_river
D:2:      layout_basic, hellmonk_ecumenical_altar_crossroads, basic_altar
D:3:      layout_loops_cross, nicolae_yredelemnul_corpse_copse,
          gammafunk_ghost_mausoleum, serial_rivers,
          chequers_serial_rivers_marsh, chequers_serial_rivers_room_a,
          chequers_serial_rivers_micro_c, chequers_serial_rivers_marsh,
          chequers_serial_rivers_small_b, chequers_serial_rivers_micro_a

Skill      XL: |  1  2  3 |
---------------+----------+-----
Polearms       | 1 2 |  2.0
Fighting       | 1 |  1.9
Armour         | |  2.4
Shields        | |  1.0
Spellcasting   | |  2.1
Necromancy     | |  2.2
Invocations    | |  1.0
Evocations     | |  1.0

Action                     || total
---------------------------++-------
  Melee: Spear             ||   132
         Club              ||     9
Ability: Spit Poison       ||    11
 Armour: Chain mail        ||    73
         Robe              ||     2
  Dodge: Dodged            ||    35
  Block: Buckler           ||    13
